PAA
NORTHVILLE ECLIPSE @ LANNISTER UNITED LIONHEARTS
09/02/2029
 
TOP OF THE 1ST
Northville Eclipse batting - Pitching for Lannister United Lionhearts : RHP Lesedi Danjuma
Pitching: RHP Lesedi Danjuma
Batting: LHB Carlos Garza 0-0: Ground out 4-3 (Groundball, 34)
Batting: LHB Octávio Ontiveros 0-0: Called Strike
0-1: Ball
1-1: Foul Ball, location: 2F
1-2: Fly out, F8 (Flyball, 8LD)
Batting: RHB Cosmo Bjorkenheim 0-0: Ball
1-0: Swinging Strike
1-1: Ball
2-1: Ground out 6-3 (Groundball, 6)
Top of the 1st over - 0 runs, 0 hits, 0 errors, 0 left on base; Northville 0 - Lannister United 0
BOTTOM OF THE 1ST
Lannister United Lionhearts batting - Pitching for Northville Eclipse : RHP Luis Villabos
Pitching: RHP Luis Villabos
Batting: RHB Juan López 0-0: Ball
1-0: Called Strike
1-1: SINGLE (Line Drive, 34)
Batting: LHB Ramón García 0-0: Ball
1-0: Grounds into double play, 4-6-3 (Groundball, 4D)
Batting: RHB Chong-yee Au-Yong 0-0: Ball
1-0: SINGLE (Flyball, 89S)
Batting: LHB Juan Macíel 0-0: Swinging Strike
0-1: Ball
1-1: Ball
2-1: Foul Ball, location: 2F
2-2: Ball
3-2: Base on Balls
Chong-yee Au-Yong to second
Batting: LHB Sting Ray Robb 0-0: SINGLE (Flyball, 78S)
Chong-yee Au-Yong to third
Juan Macíel to second
Runner from 3rd tries for Home, SAFE, throw made home
Batting: RHB Mareka Naidoo 0-0: Ball
1-0: Called Strike
1-1: Ball
2-1: Ball
3-1: Base on Balls
Juan Macíel to third
Sting Ray Robb to second
Batting: RHB Breanainn Swartwood 0-0: Called Strike
0-1: Ball
1-1: Ball
2-1: Ground out 1-3 (Groundball, P)
Bottom of the 1st over - 1 run, 3 hits, 0 errors, 3 left on base; Northville 0 - Lannister United 1
TOP OF THE 2ND
Northville Eclipse batting - Pitching for Lannister United Lionhearts : RHP Lesedi Danjuma
Batting: LHB Edgardo De Jesús 0-0: Called Strike
0-1: Foul Ball, location: 2F
0-2: Ball
1-2: Ball
2-2: Ball
3-2: Base on Balls
Batting: RHB Augusto Rocha 0-0: Called Strike
0-1: Ball
1-1: Ball
2-1: Grounds into double play, 6-4-3 (Groundball, 6)
Batting: RHB Alfonso Grappasonni 0-0: Ball
1-0: Swinging Strike
1-1: Ball
2-1: Ball
3-1: Foul Ball, location: 2F
3-2: Base on Balls
Batting: RHB Luis Guerrero 0-0: Called Strike
0-1: Fly out, F3 (Line Drive, 3)
Top of the 2nd over - 0 runs, 0 hits, 0 errors, 1 left on base; Northville 0 - Lannister United 1
BOTTOM OF THE 2ND
Lannister United Lionhearts batting - Pitching for Northville Eclipse : RHP Luis Villabos
Batting: RHB José García 0-0: Called Strike
0-1: Fly out, F8 (Flyball, 89D)
Batting: RHB Howard Barton 0-0: Called Strike
0-1: SINGLE (Line Drive, 56)
Batting: RHB Juan López 0-0: Foul Ball, location: 2F
0-1: SINGLE (Groundball, 6MD)
Howard Barton to second
Batting: LHB Ramón García 0-0: Called Strike
0-1: Ball
1-1: Fly out, F4 (Line Drive, 4M)
Batting: RHB Chong-yee Au-Yong 0-0: Ground out 1-3 (Groundball, 13)
Bottom of the 2nd over - 0 runs, 2 hits, 0 errors, 2 left on base; Northville 0 - Lannister United 1
TOP OF THE 3RD
Northville Eclipse batting - Pitching for Lannister United Lionhearts : RHP Lesedi Danjuma
Batting: RHB Scott McMahon 0-0: Foul Ball, location: 2F
0-1: Ball
1-1: Ball
2-1: Called Strike
2-2: Ball
3-2: Foul Ball, location: 2F
3-2: Strikes out swinging
Batting: RHB Juan León 0-0: SINGLE (Line Drive, 7S)
Batting: LHB Carlos Garza 0-0: Called Strike
Juan León is caught stealing 2nd base
0-1: Ground out U3 (Groundball, 3)
Top of the 3rd over - 0 runs, 1 hit, 0 errors, 0 left on base; Northville 0 - Lannister United 1
BOTTOM OF THE 3RD
Lannister United Lionhearts batting - Pitching for Northville Eclipse : RHP Luis Villabos
Batting: LHB Juan Macíel 0-0: Ball
1-0: Fly out, F7 (Flyball, 7LS)
Batting: LHB Sting Ray Robb 0-0: Ground out 6-3 (Groundball, 6)
Batting: RHB Mareka Naidoo 0-0: Ball
1-0: Ball
2-0: Ball
3-0: Called Strike
3-1: Swinging Strike
3-2: Strikes out looking
Bottom of the 3rd over - 0 runs, 0 hits, 0 errors, 0 left on base; Northville 0 - Lannister United 1
TOP OF THE 4TH
Northville Eclipse batting - Pitching for Lannister United Lionhearts : RHP Lesedi Danjuma
Batting: LHB Octávio Ontiveros 0-0: Called Strike
0-1: Ball
1-1: Ground out 4-3 (Groundball, 4)
Batting: RHB Cosmo Bjorkenheim 0-0: Ball
1-0: Ball
2-0: Called Strike
2-1: Foul Ball, location: 2F
2-2: Fly out, F7 (Flyball, 7S)
Batting: LHB Edgardo De Jesús 0-0: Foul Ball, location: 2F
0-1: Ball
1-1: Reached on error, E1 (Groundball, 13S)
Batting: RHB Augusto Rocha 0-0: Called Strike
0-1: Ball
1-1: Fly out, F7 (Line Drive, 7D)
Top of the 4th over - 0 runs, 0 hits, 1 error, 1 left on base; Northville 0 - Lannister United 1
BOTTOM OF THE 4TH
Lannister United Lionhearts batting - Pitching for Northville Eclipse : RHP Luis Villabos
Batting: RHB Breanainn Swartwood 0-0: Fly out, F9 (Flyball, 9LSF)
Batting: RHB José García 0-0: Called Strike
0-1: Called Strike
0-2: Ball
1-2: Ball
2-2: Strikes out swinging
Batting: RHB Howard Barton 0-0: Fly out, F8 (Flyball, 8RD)
Bottom of the 4th over - 0 runs, 0 hits, 0 errors, 0 left on base; Northville 0 - Lannister United 1
TOP OF THE 5TH
Northville Eclipse batting - Pitching for Lannister United Lionhearts : RHP Lesedi Danjuma
Batting: RHB Alfonso Grappasonni 0-0: Called Strike
0-1: Ground out 6-3 (Groundball, 6S)
Batting: RHB Luis Guerrero 0-0: Foul Ball, location: 2F
0-1: Ball
1-1: Ball
2-1: Ball
3-1: Foul Ball, location: 2F
3-2: Base on Balls
Batting: RHB Scott McMahon 0-0: Called Strike
0-1: Ball
1-1: Ball
2-1: Foul Ball, location: 2F
2-2: Strikes out swinging
Batting: RHB Juan León 0-0: Ball
1-0: Ball
2-0: Called Strike
2-1: SINGLE (Line Drive, 6D)
Luis Guerrero to second
Batting: LHB Carlos Garza 0-0: Called Strike
0-1: Ball
1-1: Foul Ball, location: 2F
1-2: Ball
2-2: Ground out 3-1 (Groundball, 34)
Top of the 5th over - 0 runs, 1 hit, 0 errors, 2 left on base; Northville 0 - Lannister United 1
BOTTOM OF THE 5TH
Lannister United Lionhearts batting - Pitching for Northville Eclipse : RHP Luis Villabos
Batting: RHB Juan López 0-0: Called Strike
0-1: Ball
1-1: Ground out 6-3 (Groundball, 6)
Batting: LHB Ramón García 0-0: Ball
1-0: Ball
2-0: Called Strike
2-1: SOLO HOME RUN (Flyball, 78XD), Distance : 402 ft
Batting: RHB Chong-yee Au-Yong 0-0: Called Strike
0-1: Ball
1-1: Ball
2-1: Foul Ball, location: 2F
2-2: Foul Ball, location: 2F
2-2: Strikes out looking
Batting: LHB Juan Macíel 0-0: Ball
1-0: Called Strike
1-1: SOLO HOME RUN (Flyball, 9LD), Distance : 351 ft
Batting: LHB Sting Ray Robb 0-0: Ball
1-0: Ball
2-0: Ball
3-0: Called Strike
3-1: Fly out, F8 (Flyball, 8RM)
Bottom of the 5th over - 2 runs, 2 hits, 0 errors, 0 left on base; Northville 0 - Lannister United 3
TOP OF THE 6TH
Northville Eclipse batting - Pitching for Lannister United Lionhearts : RHP Lesedi Danjuma
Batting: LHB Octávio Ontiveros 0-0: Ball
1-0: Ball
2-0: Ball
3-0: Base on Balls
Batting: RHB Cosmo Bjorkenheim 0-0: Called Strike
0-1: Ball
1-1: Foul Ball, location: 2F
1-2: Fielders Choice at 2nd, 6-4 (Groundball, 6M)
Batting: LHB Edgardo De Jesús 0-0: Ball
1-0: Ball
2-0: Foul Ball, location: 2F
2-1: Ball
3-1: Called Strike
3-2: Fly out, F8 (Line Drive, 8LM)
Batting: RHB Augusto Rocha 0-0: Called Strike
0-1: SINGLE (Groundball, 6MD)
Cosmo Bjorkenheim to second
Runner from 2nd tries for 3rd, SAFE, no throw
Batting: RHB Alfonso Grappasonni 0-0: Ball
1-0: Called Strike
1-1: Called Strike
1-2: Ball
2-2: Fielders Choice at 2nd, 6-4 (Groundball, 6)
Top of the 6th over - 0 runs, 1 hit, 0 errors, 2 left on base; Northville 0 - Lannister United 3
BOTTOM OF THE 6TH
Lannister United Lionhearts batting - Pitching for Northville Eclipse : RHP Luis Villabos
Batting: RHB Mareka Naidoo 0-0: Ball
1-0: Foul Ball, location: 2F
1-1: Foul Ball, location: 2F
1-2: Ball
2-2: Ball
3-2: Strikes out swinging, 2-3 out at first.
Batting: RHB Breanainn Swartwood 0-0: Ground out 5-3 (Groundball, 5D)
Batting: RHB José García 0-0: Foul Ball, location: 2F
0-1: Called Strike
0-2: Ball
1-2: Ball
2-2: Ground out 6-3 (Groundball, 6)
Bottom of the 6th over - 0 runs, 0 hits, 0 errors, 0 left on base; Northville 0 - Lannister United 3
TOP OF THE 7TH
Northville Eclipse batting - Pitching for Lannister United Lionhearts : RHP Lesedi Danjuma
Batting: RHB Luis Guerrero 0-0: Ball
1-0: Ball
2-0: Swinging Strike
2-1: Called Strike
2-2: Ball
3-2: Foul Ball, location: 2F
3-2: Strikes out swinging
Batting: RHB Scott McMahon 0-0: Called Strike
0-1: Ball
1-1: Ball
2-1: Foul Ball, location: 2F
2-2: Foul Ball, location: 2F
2-2: Ball
3-2: Foul Ball, location: 2F
3-2: Strikes out swinging
Batting: RHB Juan León 0-0: Called Strike
0-1: Called Strike
0-2: Fly out, F7 (Flyball, 7S)
Top of the 7th over - 0 runs, 0 hits, 0 errors, 0 left on base; Northville 0 - Lannister United 3
BOTTOM OF THE 7TH
Lannister United Lionhearts batting - Pitching for Northville Eclipse : RHP Luis Villabos
Batting: RHB Howard Barton 0-0: Called Strike
0-1: Ball
1-1: Foul Ball, location: 2F
1-2: Hit by Pitch
Pinch Runner at 1st Barney Heise:
Batting: RHB Juan López 0-0: Bunted foul
0-1: Bunted foul
0-2: Grounds into double play, 6-4-3 (Groundball, 6)
Batting: LHB Ramón García 0-0: Called Strike
0-1: Foul Ball, location: 2F
0-2: Ball
1-2: Foul Ball, location: 2F
1-2: Foul Ball, location: 2F
1-2: Ground out U3 (Groundball, 3L)
Bottom of the 7th over - 0 runs, 0 hits, 0 errors, 0 left on base; Northville 0 - Lannister United 3
TOP OF THE 8TH
Northville Eclipse batting - Pitching for Lannister United Lionhearts : RHP Lesedi Danjuma
Pitching: LHP Manuel Franco
Now at 2B: Barney Heise
Batting: LHB Carlos Garza 0-0: Foul Ball, location: 2F
0-1: Swinging Strike
0-2: SINGLE (Line Drive, 7LS)
Batting: LHB Octávio Ontiveros 0-0: Called Strike
0-1: Called Strike
0-2: Ball
1-2: Strikes out swinging
Batting: RHB Cosmo Bjorkenheim 0-0: Ball
1-0: Called Strike
1-1: Ball
2-1: Foul Ball, location: 2F
2-2: Foul Ball, location: 2F
2-2: Ball
3-2: Grounds into double play, 6-4-3 (Groundball, 6)
Top of the 8th over - 0 runs, 1 hit, 0 errors, 0 left on base; Northville 0 - Lannister United 3
BOTTOM OF THE 8TH
Lannister United Lionhearts batting - Pitching for Northville Eclipse : RHP Luis Villabos
Batting: RHB Chong-yee Au-Yong 0-0: Called Strike
0-1: Ball
1-1: Ground out U3 (Groundball, 3)
Batting: LHB Juan Macíel 0-0: Called Strike
0-1: Foul Ball, location: 2F
0-2: Fly out, F4 (Popup, 4)
Batting: LHB Sting Ray Robb 0-0: Ball
1-0: Ball
2-0: SINGLE (Groundball, 56) (infield hit)
Batting: RHB Mareka Naidoo 0-0: Called Strike
0-1: Ball
1-1: Ball
2-1: Called Strike
2-2: Ball
3-2: Base on Balls
Sting Ray Robb to second
Pitching: RHP Cisco Andr
Batting: RHB Breanainn Swartwood 0-0: Ball
1-0: Ground out 4-3 (Groundball, 4)
Bottom of the 8th over - 0 runs, 1 hit, 0 errors, 2 left on base; Northville 0 - Lannister United 3
TOP OF THE 9TH
Northville Eclipse batting - Pitching for Lannister United Lionhearts : LHP Manuel Franco
Batting: LHB Edgardo De Jesús 0-0: Ball
1-0: Called Strike
1-1: Foul Ball, location: 2F
1-2: Ball
2-2: Foul Ball, location: 2F
2-2: Strikes out swinging
Batting: RHB Augusto Rocha 0-0: Ball
1-0: Swinging Strike
1-1: Ball
2-1: Foul Ball, location: 2F
2-2: Foul Ball, location: 2F
2-2: Foul Ball, location: 2F
2-2: Ball
3-2: Ground out 5-3 (Groundball, 5L)
Batting: RHB Alfonso Grappasonni 0-0: Ball
1-0: SINGLE (Line Drive, 4MD)
Batting: RHB Luis Guerrero 0-0: Ball
1-0: Swinging Strike
1-1: Called Strike
1-2: Ball
2-2: Ball
3-2: Base on Balls
Alfonso Grappasonni to second
Batting: RHB Scott McMahon 0-0: SINGLE (Groundball, 6MD)
Alfonso Grappasonni to third
Luis Guerrero to second
Batting: RHB Juan León 0-0: Ball
1-0: Called Strike
1-1: Ball
2-1: Ground out 5-3 (Groundball, 56S)
Top of the 9th over - 0 runs, 2 hits, 0 errors, 3 left on base; Northville 0 - Lannister United 3
Tuesday, December 19th, 2017 - OOTP Baseball 18.8 Build 76